 Dungeon Crawl Stone Soup version 0.22.0 (webtiles) character file.

11729 Matezma the Grappler (level 11, -2/109 HPs)
             Began as a Troll Fighter on Oct 29, 2018.
             Was a High Priest of Trog.
             Slain by a hippogriff (5 damage)
             ... on level 1 of the Lair of Beasts.
             The game lasted 00:48:55 (9923 turns).

Matezma the Grappler (Troll Fighter)                Turns: 9923, Time: 00:48:56

Health: -2/109     AC: 14    Str: 27    XL:     11   Next: 53%
Magic:  10/10      EV: 12    Int:  4    God:    Trog [*****.]
Gold:   527        SH: 12    Dex: 11    Spells: 10/10 levels left

rFire    . . .     SeeInvis .     - Unarmed
rCold    . . .     Gourm    +   b - +1 shield
rNeg     + . .     Faith    .   H - +0 steam dragon scales
rPois    .         Spirit   .   A - +1 hat
rElec    .         Reflect  .   w - scarf {repulsion}
rCorr    .         Harm     .   (gloves unavailable)
MR       .....                  (boots unavailable)
Stlth    +.........             s - amulet of regeneration
HPRegen  1.08/turn              p - ring of positive energy
MPRegen  0.12/turn              F - +5 ring of protection

@: lethally poisoned (-2 -> -6), repel missiles
A: large, unfitting armour, claws 3, fast metabolism 3, gourmand, regeneration
1, shaggy fur 1, tough skin 2
a: Berserk, Trog's Hand, Brothers in Arms, Renounce Religion


You were on level 1 of the Lair of Beasts.
You worshipped Trog.
Trog was extremely pleased with you.
You were very full.

You visited 2 branches of the dungeon, and saw 12 of its levels.

You collected 596 gold pieces.
You spent 69 gold pieces at shops.

Inventory:

Missiles
 l - 231 stones (quivered)
Armour
 b - a +1 shield (worn)
 r - a +0 cloak
 w - a scarf of repulsion (worn)
 A - a +1 hat (worn)
 H - +0 steam dragon scales (worn)
Jewellery
 p - a ring of positive energy (left claw)
 s - an amulet of regeneration (around neck)
 F - a +5 ring of protection (right claw)
Wands
 f - a wand of iceblast (11)
 x - a wand of paralysis (10)
 y - a wand of random effects (19)
 B - a wand of digging (30)
Scrolls
 c - a scroll of fog {unknown}
 k - 6 scrolls of teleportation
 n - 3 scrolls of remove curse
 q - a scroll of magic mapping
 z - 3 scrolls of enchant weapon
 C - 3 scrolls of enchant armour
 D - a scroll of fear
 E - a scroll of blinking {unknown}
Potions
 e - a potion of haste
 g - 3 potions of curing
 h - 3 potions of brilliance {unknown}
 i - a potion of experience {unknown}
 j - 3 potions of invisibility
 m - a potion of magic {unknown}
 o - 2 potions of lignification {unknown}
 t - 4 potions of agility
 v - 2 potions of heal wounds {unknown}
Miscellaneous
 u - a fan of gales
Comestibles
 d - 32 rations


   Skills:
 + Level 7.4 Fighting
 + Level 7.4 Dodging
 + Level 7.4 Shields
 + Level 11.6 Unarmed Combat


You had 10 spell levels left.
You didn't know any spells.
Your spell library contained the following spells:

 Spells                   Type           Power        Failure   Level  Hunger
 Confuse                  Hex            #.......     93%         3    ####...
 Confusing Touch          Hex            #.....       61%         1    ##.....
 Metabolic Englaciation   Hex/Ice        #.........   100%        5    ######.
 Petrify                  Tmut/Erth      #.......     100%        4    #####..
 Gell's Gravitas          Tloc           #.........   93%         3    ####...
 Yara's Violent Unravell  Hex/Tmut       #.........   100%        5    ######.


Dungeon Overview and Level Annotations

Branches:
Dungeon (11/15)            Temple (0/1) D:6            Lair (1/6) D:11
    Orc (0/2) D:10

Altars:
Ashenzari
Elyvilon
Fedhas
Hepliaklqana
Nemelex Xobeh
Okawaru
Qazlal
Trog
Uskayaw
Vehumet
Wu Jian
Zin

Shops:
D:4 }   D:6 *

Portals:
Sewer: D:6

Annotations:
D:7 3 runed doors, spsoon's ghost, novice VSGl


Innate Abilities, Weirdness & Mutations

You are too large for most types of armour.
You have claws for hands.
Your metabolism is lightning-fast.
You like to eat raw meat.
Your natural rate of healing is unusually fast.
You are covered in fur. (AC +1)
You have very tough skin. (AC +2)


Message History

* * * LOW HITPOINT WARNING * * *
You feel very sick. You block the hippogriff's attack.
The hippogriff pecks you but does no damage.
You block the hippogriff's attack.
You feel sick. The hippogriff closely misses you. x3
You mangle the hippogriff!!
The hippogriff is heavily wounded.
You feel sick. The hippogriff bites you.
* * * LOW HITPOINT WARNING * * *
You block the hippogriff's attack. The hippogriff closely misses you.
You mangle the hippogriff!!
The hippogriff is almost dead.
* * * LOW HITPOINT WARNING * * *
You feel sick.
You barely miss the hippogriff.
The hippogriff is almost dead.
* * * LOW HITPOINT WARNING * * *
You feel sick. You block the hippogriff's attack. The hippogriff pecks you.
You die...

#.........
##..###P.+.
#...# . . ##..#
..#####†..#
..........# .
#........# ...
#......H.#.....
........@.....(.
.#....(...#.....
#.........###..#
........... ..
...(........ .
..(..........
..............
..............


You could see a hippogriff.

Vanquished Creatures
  Erolcha (D:10)
  A centaur warrior (D:11)
  An ugly thing (D:10)
  A cyclops (D:10)
  2 manticores
  A black mamba (Lair:1)
  2 centaur zombies
  2 gargoyles
  A komodo dragon (D:11)
  3 hippogriffs
  2 wraiths
  5 wyverns
  8 yaks
  A steam dragon (D:11)
  Edmund (D:5)
  A water moccasin (Lair:1)
  A sky beast (D:10)
  5 orc warriors
  A phantom (D:10)
  7 ogres
  A centaur (D:8)
  A crocodile (D:11)
  A big kobold (D:10)
  4 bullfrogs
  5 scorpions
  7 howler monkeys
  6 crimson imps
  5 jellies
  6 hounds
  A gnoll shaman (D:6)
  16 orc wizards
  A bullfrog skeleton (D:10)
  8 orc priests
  A centaur skeleton (D:10)
  3 iguanas
  4 worker ants
  A killer bee zombie (D:8)
  A hound zombie (D:10)
  A hound skeleton (D:4)
  10 gnolls
  9 adders
  3 shadow imps
  An ooze (D:2)
  An adder skeleton (D:6)
  6 worms
  3 dart slugs
  3 leopard geckos
  36 orcs
  5 giant cockroaches
  4 goblins
  6 hobgoblins
  7 jackals
  2 quokkas
  A ball python (D:5)
  5 bats
  8 frilled lizards
  9 kobolds
  6 rats
245 creatures vanquished.

Vanquished Creatures (others)
  A hobgoblin (D:3)
  A plant (D:6)
2 creatures vanquished.

Grand Total: 247 creatures vanquished

Notes
Turn   | Place    | Note
-------+----------+-------------------------------------------
     0 | D:1      | Matezma the Troll Fighter began the quest for the Orb.
     0 | D:1      | Reached XP level 1. HP: 22/22 MP: 0/0
   280 | D:1      | Reached XP level 2. HP: 29/29 MP: 1/1
  1070 | D:2      | Reached XP level 3. HP: 36/36 MP: 2/2
  1452 | D:2      | Found a white marble altar of Elyvilon.
  1452 | D:2      | Found an iron altar of Okawaru.
  1459 | D:2      | Found a sparkling altar of Nemelex Xobeh.
  1461 | D:2      | Found a faded altar of an unknown god.
  1462 | D:2      | Found an ornate altar of the Wu Jian Council.
  1487 | D:2      | Reached skill level 3 in Unarmed Combat
  1973 | D:3      | Reached XP level 4. HP: 44/44 MP: 3/3
  2602 | D:3      | Found a bloodstained altar of Trog.
  2610 | D:3      | Became a worshipper of Trog the Wrathful
  3202 | D:4      | Reached skill level 4 in Unarmed Combat
  3202 | D:4      | Reached XP level 5. HP: 33/52 MP: 4/4
  3314 | D:4      | Reached skill level 5 in Unarmed Combat
  3346 | D:4      | Found Uchodgh's Gadget Boutique.
  3557 | D:4      | Reached XP level 6. HP: 59/59 MP: 5/5
  4099 | D:5      | Entered Level 5 of the Dungeon
  4137 | D:5      | Reached * piety under Trog
  4144 | D:5      | Reached skill level 6 in Unarmed Combat
  4366 | D:5      | Reached XP level 7. HP: 66/66 MP: 6/6
  4450 | D:5      | Reached skill level 7 in Unarmed Combat
  4674 | D:5      | Noticed Edmund
  4692 | D:5      | Killed Edmund
  4695 | D:5      | Reached skill level 8 in Unarmed Combat
  4944 | D:6      | Reached XP level 8. HP: 66/75 MP: 7/7
  4958 | D:6      | Found a staircase to the Ecumenical Temple.
  4982 | D:6      | Reached ** piety under Trog
  5091 | D:6      | Found Rafa's Assorted Antiques.
  5101 | D:6      | Reached skill level 9 in Unarmed Combat
  5166 | D:6      | Bought a scroll of teleportation for 69 gold pieces
  5231 | D:6      | Found a glowing drain.
  5439 | D:6      | Found a glowing silver altar of Zin.
  5443 | D:6      | Found a hazy altar of Hepliaklqana.
  5445 | D:6      | Found a bloodstained altar of Trog.
  5462 | D:6      | Found a shattered altar of Ashenzari.
  5468 | D:6      | Found a stormy altar of Qazlal.
  5472 | D:6      | Found a blossoming altar of Fedhas.
  5483 | D:6      | Found a radiant altar of Vehumet.
  5570 | D:7      | Noticed spsoon's ghost (novice VSGl)
  5742 | D:7      | Found a runed gate.
  5742 | D:7      | Found a runed gate.
  5742 | D:7      | Found a runed gate.
  6107 | D:7      | Reached *** piety under Trog
  6449 | D:8      | Noticed a gargoyle
  6463 | D:8      | Reached XP level 9. HP: 84/84 MP: 8/8
  6514 | D:8      | Killed a gargoyle
  7069 | D:8      | Reached skill level 5 in Fighting
  7069 | D:8      | Reached skill level 5 in Shields
  7069 | D:8      | Reached skill level 10 in Unarmed Combat
  7088 | D:8      | Found a hide-covered altar of Uskayaw.
  7131 | D:8      | Reached skill level 5 in Dodging
  7385 | D:9      | Reached **** piety under Trog
  7623 | D:9      | You fall through a shaft!
  7623 | D:10     | Entered Level 10 of the Dungeon
  7683 | D:10     | Reached XP level 10. HP: 89/97 MP: 9/9
  7741 | D:10     | Noticed a green ugly thing
  7753 | D:10     | Killed a green ugly thing
  7888 | D:10     | Noticed a manticore
  7900 | D:10     | Killed a manticore
  7988 | D:10     | Noticed a cyclops
  8014 | D:10     | Killed a cyclops
  8207 | D:10     | Noticed Erolcha
  8226 | D:10     | Killed Erolcha
  8226 | D:10     | Reached skill level 11 in Unarmed Combat
  8661 | D:10     | Found a staircase to the Orcish Mines.
  8714 | D:10     | Reached XP level 11. HP: 107/107 MP: 10/10
  8921 | D:11     | Reached ***** piety under Trog
  8975 | D:11     | Noticed a centaur warrior
  8982 | D:11     | Killed a centaur warrior
  9598 | D:11     | Found a staircase to the Lair.
  9882 | Lair:1   | Entered Level 1 of the Lair of Beasts
  9921 | Lair:1   | HP: 4/109 [hippogriff (3)]
  9923 | Lair:1   | Slain by a hippogriff

Skill      XL: |  1  2  3  4  5  6  7  8  9 10 11 |
---------------+----------------------------------+-----
Unarmed Combat | 3 4 5 6 8 9 10 11 | 11.6
Fighting       | 3 4 5 6 7 |  7.4
Dodging        | 3 4 5 6 7 |  7.4
Shields        | 3 4 5 6 7 |  7.4

Action                   |  1- 3 |  4- 6 |  7- 9 | 10-12 || total
-------------------------+-------+-------+-------+-------++-------
Melee: Unarmed           |   108 |   132 |   310 |   242 ||   792
Throw: Stone             |       |     4 |    33 |    14 ||    51
  Use: Scroll            |     1 |     4 |     9 |     4 ||    18
       Potion            |       |       |       |     4 ||     4
 Stab: Sleeping          |     1 |       |     1 |       ||     2
  Eat: Chunk             |    24 |    22 |    29 |    20 ||    95
Armor: Robe              |    28 |    27 |    62 |    24 ||   141
       Steam dragon scal |       |       |       |    14 ||    14
Dodge: Dodged            |    23 |    36 |    71 |    81 ||   211
       Deflected         |       |     4 |       |       ||     4
Block: Shield            |    44 |    39 |   117 |   112 ||   312
